 Dungeon Crawl Stone Soup version 0.29-a0-2-g12fcac58f8 (webtiles) character file.

Game seed: 13754788250934714525

38 croobank the Sneak (level 3, 0/17 HPs)
             Began as a Felid Delver on Jan 27, 2022.
             Slain by an adder (5 damage)
             ... on level 2 of the Dungeon.
             The game lasted 00:07:06 (1590 turns).

croobank the Sneak (Felid Delver)                   Turns: 1590, Time: 00:07:07

Health: 0/17       AC:  1    Str: 10    XL:     3   Next: 25%
Magic:  4/4        EV: 18    Int: 11    God:
Gold:   77         SH:  0    Dex: 17    Spells: 2/2 levels left
                                        Lives:  0   Deaths: 0

rFire   . . .      SeeInvis +     - Unarmed
rCold   . . .      Faith    .   (shield unavailable)
rNeg    . . .      Spirit   .   (armour unavailable)
rPois   .          Reflect  .   (helmet unavailable)
rElec   .          Harm     .   (cloak unavailable)
rCorr   .          Rampage  .   (gloves unavailable)
Will    .....                   (boots unavailable)
Stlth   +++.......              h - amulet of regeneration
HPRegen 0.85/turn               (no ring)
MPRegen 0.09/turn               (no ring)

@: lethally poisoned (0 -> -2), silenced, quick
A: very small, claws 1, fangs 3, see invisible, speed 1, shaggy fur 1, stealthy
paws, no weapons or thrown items, no armour, multi-lived
a: no special abilities


You were on level 2 of the Dungeon.
You visited 1 branch of the dungeon, and saw 5 of its levels.

You collected 77 gold pieces.

Inventory:

Missiles
 i - 47 stones
Jewellery
 h - an amulet of regeneration (around neck)
Wands
 e - a wand of digging (2)
Scrolls
 a - a scroll of fog
 b - a scroll of noise
 d - a scroll of magic mapping
 o - a scroll of identify {unknown}
 p - a scroll of teleportation {unknown}
Potions
 j - a potion of cancellation {unknown}
 k - a potion of lignification {unknown}
 m - a potion of might {unknown}
 n - a potion of attraction {unknown}


   Skills:
 + Level 3.4 Fighting
 + Level 3.4 Dodging
 + Level 7.0 Stealth
 + Level 2.4 Unarmed Combat


You had 2 spell levels left.
You didn't know any spells.
Your spell library was empty.

Dungeon Overview and Level Annotations

Branches:
Dungeon (5/15)
 Temple: D:4-7

Altars:

Annotations:
D:2 Terence
D:4 Natasha


Innate Abilities, Weirdness & Mutations

You have sharp claws.
You have razor-sharp teeth.
You have supernaturally acute eyesight. (SInv)
You cover ground quickly. (Speed+)
You are covered in fur. (AC +1)
Your paws help you pounce on unaware monsters.
You are incapable of wielding weapons or throwing items.
You cannot wear armour.
You gain extra lives every three experience levels.


Message History

You are poisoned.
The adder poisons you!
You miss the adder.
You feel sick. The adder bites you.
You are more poisoned.
The adder poisons you! The adder closely misses you.
You scratch the adder.
The adder is moderately wounded.
You feel sick. The adder completely misses you.
You scratch the adder.
The adder is heavily wounded.
You feel sick. The adder misses you.
You miss the adder. You bite the adder, but do no damage.
The adder is heavily wounded.
You feel sick. The adder misses you.
It was a potion of curing.
You feel better. The adder closely misses you.
You closely miss the adder.
The adder is heavily wounded.
The adder bites you.
You are poisoned.
The adder poisons you! The adder bites you.
You are more poisoned.
The adder poisons you!
You closely miss the adder.
The adder is heavily wounded.
You feel sick. The adder closely misses you.
You closely miss the adder. Your bite misses the adder.
The adder is heavily wounded.
You feel sick. The adder completely misses you.
You closely miss the adder.
The adder is heavily wounded.
You feel sick. The adder bites you.
You are more poisoned.
The adder poisons you!
You closely miss the adder.
The adder is heavily wounded.
You feel sick. The adder misses you. x2
You closely miss the adder.
The adder is heavily wounded.
You feel sick. The adder bites you.
You die...

#...#
#..)#
#...#
#...# .##
#...+
....#...#
........#
###.....#
#.###@#
#. #S# #
... .....
#......
###...##
#...#
##.##


You could see an adder.

Vanquished Creatures
  A worm (D:2)
  2 dart slugs (D:1)
  3 endoplasms
  2 giant cockroaches (D:1)
  2 hobgoblins
  3 jackals (D:1)
  A quokka (D:1)
  5 ball pythons
  2 bats
  A frilled lizard (D:1)
  4 goblins
  A kobold (D:1)
  A rat (D:2)
28 creatures vanquished.

Notes
Turn   | Place    | Note
-------+----------+-------------------------------------------
     0 | D:5      | croobank the Felid Delver began the quest for the Orb.
     0 | D:5      | Reached XP level 1. HP: 10/10 MP: 2/2
    36 | D:5      | Noticed an iguana
    56 | D:5      | Noticed a hound
    58 | D:5      | Noticed an ogre
   173 | D:5      | Noticed a jelly
   181 | D:5      | Noticed an iguana
   184 | D:5      | Noticed a scorpion
   208 | D:4      | Noticed Natasha
   219 | D:4      | Noticed an iguana
   240 | D:4      | Noticed a phantom
   469 | D:2      | Noticed Terence
   711 | D:1      | Reached XP level 2. HP: 14/14 MP: 3/3
   724 | D:1      | Found a faded altar of an unknown god.
  1137 | D:1      | Reached skill level 7 in Stealth
  1137 | D:1      | Reached XP level 3. HP: 17/17 MP: 4/4
  1590 | D:2      | Slain by an adder

Illustrated notes

Levels and vault maps discovered:
D:1:      nicolae_arrival_washed_ashore, layout_loops_ring,
          ebering_ecumenical_altar_ruins
D:2:      layout_basic, basic_altar, minmay_misc_feat_columns, uniq_terence
D:3:      layout_basic, mainiacjoe_overflow_chevrons, uniq_jessica
D:4:      layout_loops_cross, chequers_big_river,
          chequers_serial_rivers_small_3, minmay_quadrilaterals, uniq_ijyb,
          uniq_natasha
D:5:      cheibrodos_barr_body, layout_layer_cave, hex_medium

Skill      XL: |  1  2 |
---------------+-------+-----
Dodging        | 3 |  3.4
Stealth        | 7 |  7.0
Fighting       | |  3.4
Unarmed Combat | |  2.4

Action                   || total
-------------------------++-------
Melee: Unarmed           ||    77
       Bite              ||    10
Evoke: Wand              ||     1
  Use: Scroll            ||     6
       Potion            ||     2
 Stab: Sleeping          ||    13
Armor: Skin              ||     4
Dodge: Dodged            ||    53

Table legend: (Time is in decaauts)
 A = Elapsed time spent in this place.
 B = Non-inter-level travel time spent in this place.
 C = Inter-level travel time spent in this place.
 D = Time resting spent in this place.
 E = Time spent auto-exploring this place.
 F = Levels seen in this place.
 G = Mean time per level.
                   A        B        C        D        E       F      G
               +--------+--------+--------+--------+--------+-----+--------+
         Total |   1304 |   1261 |     43 |     19 |    688 |   5 |  260.8 |
       Dungeon |   1304 |   1261 |     43 |     19 |    688 |   5 |  260.8 |
               +--------+--------+--------+--------+--------+-----+--------+

Top non-repeatable levels by time:
     D:1: 678 daAuts
     D:2: 291 daAuts
     D:5: 159 daAuts
     D:3: 142 daAuts
     D:4: 33 daAuts
